 Dungeon Crawl Stone Soup version 0.27-a0-637-g3a9f0a9c12 (webtiles) character file.

Game seed: 16576019141526823074

53 zzzxxxcccvvv the Chopper (level 3, 49/49 HPs)
             Began as a Minotaur Berserker on Mar 14, 2021.
             Was a Believer of Trog.
             Quit the game on level 2 of the Dungeon.
             The game lasted 00:18:04 (2457 turns).

zzzxxxcccvvv the Chopper (Minotaur Berserker)       Turns: 2457, Time: 00:18:04

Health: 49/49      AC:  9    Str: 22    XL:     3   Next: 64%
Magic:  2/2        EV: 11    Int:  4    God:    Trog [**....]
Gold:   114        SH:  0    Dex:  9    Spells: 2/2 levels left

rFire    . . .     SeeInvis .   a - +0 hand axe
rCold    . . .     Faith    .   (no shield)
rNeg     . . .     Spirit   .   f - +0 ring mail
rPois    .         Reflect  .   (helmet restricted)
rElec    .         Harm     .   (no cloak)
rCorr    .         Rampage  .   (no gloves)
Will     .....                  (no boots)
Stlth    ..........             (no amulet)
HPRegen  0.16/turn              b - +4 ring of protection
MPRegen  0.08/turn              (no ring)

@: berserking, very quick
A: horns 2, retaliatory headbutt
a: Renounce Religion, Berserk, Trog's Hand


You were on level 2 of the Dungeon.
You worshipped Trog.
Trog was pleased with you.
You visited 1 branch of the dungeon, and saw 2 of its levels.

You collected 114 gold pieces.

Inventory:

Hand Weapons
 a - a +0 hand axe (weapon)
Missiles
 c - 45 stones
 j - 3 curare-tipped darts
Armour
 f - a +0 ring mail (worn)
Jewellery
 b - a +4 ring of protection (right hand)
Scrolls
 d - 2 scrolls of identify {unknown}
 g - a scroll of magic mapping {unknown}
 h - a scroll of fog {unknown}
 k - a scroll of fear {unknown}
 l - a scroll of blinking {unknown}
 m - a scroll of immolation {unknown}
Potions
 e - a potion of ambrosia {unknown}
 i - a potion of magic {unknown}


   Skills:
 + Level 3.9 Fighting
 + Level 4.0 Axes
 * Level 1.8 Throwing
 + Level 3.2 Armour
 + Level 2.5 Dodging


You had 2 spell levels left.
You didn't know any spells.
Your spell library was empty.

Dungeon Overview and Level Annotations

Branches:
Dungeon (2/15)

Altars:
Ru
Wu Jian


Innate Abilities, Weirdness & Mutations

You have a pair of horns on your head.
You reflexively headbutt those who attack you in melee.


Message History

Throw: 45 stones
Press: ? - help, Q - select action, (/) - cycle Shift-Dir - straight line, f/p - worm
Aim: a worm (moderately wounded, 75% to hit)
You throw a stone. The stone hits the worm.
The worm is moderately wounded.
Throw: 44 stones
Press: ? - help, Q - select action, (/) - cycle Shift-Dir - straight line, f/p - worm
Aim: a worm (moderately wounded, 75% to hit)
You throw a stone.
The stone hits the worm but does no damage.
The worm is moderately wounded.
Throw: 43 stones
Press: ? - help, Q - select action, (/) - cycle Shift-Dir - straight line, f/p - worm
Aim: a worm (lightly wounded, 75% to hit)
You throw a stone. The stone barely misses the worm.
You see here a stone.
You see here a stone.
You see here 2 stones.
c - 43 stones (gained 1)
You see here a stone.
You see here a stone.
You see here 2 stones.
Throw: 43 stones
Press: ? - help, Q - select action, (/) - cycle Shift-Dir - straight line, f/p - worm
Aim: a worm (75% to hit)
You throw a stone. The stone hits the worm.
The worm is lightly wounded.
c - 44 stones (gained 2)
c - 45 stones (gained 1)
You see here a stone.
Non-targeted abil: Berserk
Press: ? - help, Q - select action, (/) - cycle Dir - look around, f - activate A red film seems to cover your vision as you go berserk!
You feel yourself moving faster!
You feel mighty!
Non-targeted abil: Berserk
Press: ? - help, Q - select action, (/) - cycle Dir - look around, f - activate
Okay, then.
Unknown command.
Are you sure you want to abandon this character and quit the game? (Confirm with "yes".)

#.####### #........
#######.########..
..................
#####......###### ####+#####
#...........### #........#
#......#..^##_≈
#####........####(.....#....#.#
###>(...........@.............#.'
#.............(#####((.....##.#.#
#........(.w((.# #((.<...##.#_≈
#........(.##### #.(.....##.###
#..........# #...........##
###........# #....##..#....
#.......w# ##(#..........
#.......(# #w#.#......##
#.#...((.# #.#.#......'.


You could see a worm.

Vanquished Creatures
  2 worms (D:2)
  4 leopard geckos (D:1)
  A giant cockroach (D:2)
  3 goblins
  2 hobgoblins (D:1)
  4 jackals (D:2)
  8 kobolds
  A quokka (D:2)
  3 ball pythons
  10 bats
  A frilled lizard (D:2)
  2 rats
41 creatures vanquished.

Notes
Turn   | Place    | Note
-------+----------+-------------------------------------------
     0 | D:1      | zzzxxxcccvvv the Minotaur Berserker began the quest for the
                  | Orb.
     0 | D:1      | Reached XP level 1. HP: 19/19 MP: 0/0
   349 | D:1      | Reached XP level 2. HP: 25/27 MP: 1/1
   546 | D:1      | Reached skill level 1 in Throwing
   847 | D:1      | Reached ** piety under Trog
  1103 | D:1      | Reached XP level 3. HP: 33/33 MP: 2/2
  1385 | D:2      | Reached skill level 4 in Axes
  1569 | D:2      | Found an ornate altar of the Wu Jian Council.
  1835 | D:2      | Found a sacrificial altar of Ru.
  1835 | D:2      | Found an ornate altar of the Wu Jian Council.
  2457 | D:2      | Quit the game

Illustrated notes

Levels and vault maps discovered:
D:1:      scummos_arrival_star, layout_basic, st_stairs_3,
          minmay_misc_feat_encased
D:2:      layout_basic, gammafunk_temple_overflow_elements, minmay_hexomino_r4

Skill      XL: |  1  2  3 |
---------------+----------+-----
Throwing       | 1 |  1.8
Armour         | 3 |  3.2
Axes           | 4 |  4.0
Fighting       | |  3.9
Dodging        | |  2.5

Action                   || total
-------------------------++-------
Melee: Hand axe          ||    64
       Headbutt          ||     7
Throw: Stone             ||   222
Invok: Berserk           ||     1
Armor: Animal skin       ||     3
       Ring mail         ||    33
       Leather armour    ||     1
Dodge: Dodged            ||    69

Table legend: (Time is in decaauts)
 A = Elapsed time spent in this place.
 B = Non-inter-level travel time spent in this place.
 C = Inter-level travel time spent in this place.
 D = Time resting spent in this place.
 E = Time spent auto-exploring this place.
 F = Levels seen in this place.
 G = Mean time per level.
                   A        B        C        D        E       F      G
               +--------+--------+--------+--------+--------+-----+--------+
         Total |   2467 |   2467 |      0 |    221 |    945 |   2 | 1233.5 |
       Dungeon |   2467 |   2467 |      0 |    221 |    945 |   2 | 1233.5 |
               +--------+--------+--------+--------+--------+-----+--------+

Top non-repeatable levels by time:
     D:2: 1283 daAuts
     D:1: 1184 daAuts
